AoeStats
← KaLong

Fortress

507213720Analyzed
4v4 RM · 16d ago on Sep 17, 2026· 51m 29s· 8 players
Game mode
Random Map
Map size
Huge
Population
200
Speed
Normal
Resources
Standard
Victory
Conquest
Starting age
Dark Age
Ending age
Imperial Age
RankedLock teamsTeams togetherTeam positionsShared explorationLock speedFull tech treeHidden civsTurbo modeCheats
Victory
Defeat
🇺🇸 Spanish · United States
1681
+9
🇨🇴 Celts · Colombia
1559
+14
🇺🇸 Bohemians · United States
1515
+16
🇺🇸 Persians · United States
1503
+16
🇨🇳 Mongols · China
1648
-19
🇲🇽 Bengalis · Mexico
1504
-13
🇲🇽 Bohemians · Mexico
1472
-12
🇨🇳 Wei · China
1452
-11
嗚
8:01 Feudal Age
11:35 Castle Age
9:46 Double-Bit Axe
9:53 Horse Collar
12:27 Bow Saw
13:02 Loom
17:08 Wheelbarrow
17:24 Stone Mining
17:27 Gold Mining
19:16 Hand Cart
20:30 Caravan
25:29 Imperial Age
23:56 Scale Barding Armor
24:02 Forging
24:57 Chain Barding Armor
25:15 Bloodlines
25:06 Husbandry
26:25 Guilds
27:14 Plate Barding Armor
26:49 Cavalier
28:42 Iron Casting
29:45 Two-Man Saw
28:51 Paladin
30:21 Conscription
31:29 Blast Furnace
31:32 Fletching
32:25 Coinage
34:33 Banking
38:40 Heavy Plow
47:05 Bodkin Arrow
47:00 Town Watch
50:18 Sappers
51:12 Supremacy
50:23 Sappers
倉木華
7:13 Feudal Age
11:13 Castle Age
9:44 Double-Bit Axe
9:46 Horse Collar
12:03 Loom
19:35 Wheelbarrow
19:23 Town Watch
19:50 Bow Saw
19:30 Gold Mining
21:01 Stone Mining
21:19 Heavy Plow
22:48 Hand Cart
23:39 Gold Shaft Mining
23:39 Stone Shaft Mining
26:59 Imperial Age
24:56 Scale Barding Armor
26:01 Chain Barding Armor
25:44 Husbandry
26:05 Forging
26:26 Bloodlines
26:41 Cavalier
27:44 Conscription
28:01 Plate Barding Armor
29:01 Two-Man Saw
29:55 Iron Casting
29:42 Savar
33:37 Light Cavalry
34:48 Coinage
36:47 Fletching
38:01 Blast Furnace
37:08 Elite Skirmisher
37:54 Thumb Ring
38:39 Citadels
38:32 Bodkin Arrow
39:37 Two-Man Saw
39:11 Crop Rotation
40:02 Banking
39:41 Caravan
40:15 Padded Archer Armor
49:48 Leather Archer Armor
KaLong
8:43 Feudal Age
13:20 Castle Age
11:27 Double-Bit Axe
12:42 Loom
16:17 Wagenburg Tactics
25:08 Horse Collar
28:31 Wheelbarrow
32:09 Chemistry
31:44 Fortified Wall
36:41 Imperial Age
35:23 Elite Skirmisher
37:13 Coinage
36:43 Fletching
36:53 Padded Archer Armor
36:44 Fletching
36:54 Padded Archer Armor
37:20 Bodkin Arrow
36:49 Houfnice
38:35 Leather Archer Armor
39:01 Bracer
43:53 Ring Archer Armor
43:39 Pikeman
Astronomical
6:57 Feudal Age
10:48 Castle Age
9:11 Double-Bit Axe
9:40 Horse Collar
12:56 Bow Saw
13:43 Loom
20:12 Wheelbarrow
21:47 Gold Mining
21:49 Stone Mining
22:16 Heavy Plow
25:20 Imperial Age
23:16 Forging
23:14 Fletching
23:36 Scale Mail Armor
24:58 Iron Casting
24:31 Pikeman
25:28 Chain Mail Armor
25:22 Halberdier
26:51 Gold Shaft Mining
26:52 Stone Shaft Mining
25:50 Onager
26:38 Town Watch
28:09 Plate Mail Armor
27:58 Fortified Wall
29:53 Blast Furnace
28:48 Bodkin Arrow
29:51 Conscription
30:45 Siege Onager
32:29 Siege Engineers
32:45 Ballistics
35:23 Chemistry
35:18 Furor Celtica
37:00 Town Patrol
39:42 Hoardings
39:19 Masonry
38:50 Treadmill Crane
39:05 Murder Holes
38:44 Capped Ram
39:29 Arson
40:27 Hand Cart
39:59 Siege Ram
45:26 Gambesons
edengr7
5:12 Loom
7:19 Feudal Age
8:09 Horse Collar
8:15 Double-Bit Axe
13:57 Castle Age
15:14 Fletching
15:43 Loom
21:25 Fervor
23:01 Wheelbarrow
22:11 Town Watch
26:05 Imperial Age
25:34 Chemistry
25:12 Heavy Plow
25:33 Bow Saw
28:55 Hussite Reforms
30:20 Wheelbarrow
30:28 Sanctity
31:04 Block Printing
31:28 Theocracy
32:41 Redemption
33:15 Pikeman
34:05 Halberdier
35:17 Hand Cart
35:26 Scale Mail Armor
36:54 Illumination
36:27 Herbal Medicine
37:31 Chain Mail Armor
37:30 Forging
38:14 Houfnice
40:04 Plate Mail Armor
43:36 Iron Casting
43:21 Bodkin Arrow
43:27 Padded Archer Armor
46:05 Siege Engineers
46:34 Guard Tower
48:52 Blast Furnace
47:47 Elite Hussite Wagon
_BeTo_
7:09 Feudal Age
10:59 Castle Age
9:30 Double-Bit Axe
9:31 Horse Collar
13:31 Bow Saw
14:26 Fervor
23:56 Imperial Age
21:21 Loom
22:15 Heavy Plow
22:49 Fletching
24:16 Wheelbarrow
23:59 Elite Elephant Archer
24:49 Onager
25:42 Bodkin Arrow
26:15 Town Watch
26:47 Hand Cart
26:56 Conscription
28:06 Bracer
29:24 Chemistry
28:50 Gold Mining
28:51 Stone Mining
29:36 Ballistics
30:54 Two-Man Saw
30:28 Paiks
30:48 Padded Archer Armor
32:21 Bloodlines
32:12 Husbandry
32:46 Leather Archer Armor
十大地方
7:33 Feudal Age
11:05 Castle Age
11:56 Loom
12:00 Double-Bit Axe
11:59 Horse Collar
12:51 Bow Saw
16:38 Heavy Plow
18:30 Fletching
19:08 Gold Mining
20:37 Bodkin Arrow
22:18 Wheelbarrow
22:03 Town Watch
24:08 Stone Mining
27:36 Imperial Age
26:20 Ballistics
26:31 Hand Cart
26:53 Gold Shaft Mining
26:57 Padded Archer Armor
27:57 Husbandry
28:07 Bloodlines
28:13 Leather Archer Armor
28:22 Bracer
29:24 Chemistry
28:46 Conscription
29:22 Elite Mangudai
31:09 Thumb Ring
31:29 Parthian Tactics
32:29 Masonry
32:14 Light Cavalry
32:57 Caravan
33:12 Heavy Camel Rider
35:05 Coinage
35:59 Hoardings
36:05 Scale Barding Armor
36:10 Forging
37:59 Chain Barding Armor
37:37 Capped Ram
38:41 Drill
38:48 Siege Ram
41:51 Siege Engineers
41:44 Murder Holes
42:40 Iron Casting
江哥
7:09 Feudal Age
8:01 Double-Bit Axe
12:05 Castle Age
11:35 Horse Collar
11:47 Gold Mining
14:58 Bow Saw
18:11 Wheelbarrow
17:23 Loom
21:03 Heavy Plow
21:56 Stone Mining
22:44 Gold Shaft Mining
22:50 Gold Shaft Mining
23:32 Town Watch
24:29 Stone Shaft Mining
27:26 Imperial Age
25:12 Hand Cart
25:51 Tuntian
25:57 Scale Barding Armor
26:03 Forging
27:48 Chain Barding Armor
28:04 Iron Casting
27:42 Bloodlines
27:32 Husbandry
28:01 Elite Tiger Cavalry
29:02 Conscription
30:35 Ming Guang Armor
29:44 Capped Ram
31:44 Blast Furnace
33:11 Squires
32:57 Arson
33:07 Pikeman
35:48 Scale Mail Armor
35:17 Halberdier
36:38 Caravan
37:09 Coinage
37:40 Chain Mail Armor
38:55 Treadmill Crane
40:50 Chemistry
40:50 Masonry
41:23 Padded Archer Armor
Connection lost

Rejoining the realm…

Still unreachable

The connection could not be restored.

Session expired

The server has moved on; the page needs a fresh start.